 Dungeon Crawl Stone Soup version 0.24.0-123-gd5b16e6ec5 (webtiles) character file.

Game seed: 14717163961415781808, levelgen mode: deterministic

9470 Devam the Fighter (level 11, -1/81 HPs)
             Began as an Octopode Wizard on Dec 27, 2019.
             Was a Believer of Sif Muna.
             Slain by a six-headed hydra (9 damage)
             ... on level 3 of the Lair of Beasts.
             The game lasted 01:03:17 (16291 turns).

Devam the Fighter (Octopode Wizard)                Turns: 16291, Time: 01:03:17

Health: -1/81      AC:  3    Str:  6    XL:     11   Next: 47%
Magic:  28/28      EV: 13    Int: 24    God:    Sif Muna [**....]
Gold:   646        SH:  0    Dex: 11    Spells: 5/20 levels left

rFire    . . .     SeeInvis .   J - +8 short sword of the Vendetta {pierce, rC+ rN+}
rCold    + . .     Gourm    .   (no shield)
rNeg     + + .     Faith    .   a - +2 hat
rPois    .         Spirit   .   C - amulet of regeneration
rElec    .         Reflect  .   u - ring of resist corrosion
rCorr    +         Harm     .   D - ring of positive energy
MR       +....                  O - ring of protection from magic
Stlth    ++++......             T - ring of magical power
HPRegen  0.63/turn              (no ring)
MPRegen  0.21/turn              (no ring)
                                (no ring)
                                (no ring)

@: marked
A: almost no armour, stealthy swim, amphibious, 8 rings, constrict 8, camouflage
1, gelatinous body 1
a: Channel Magic, Renounce Religion


You were on level 3 of the Lair of Beasts.
You worshipped Sif Muna.
Sif Muna was pleased with you.
You were not hungry.

You visited 3 branches of the dungeon, and saw 14 of its levels.
You also visited: Sewer and Ossuary.

You collected 646 gold pieces.

Inventory:

Hand Weapons
 m - a +0 rapier
 r - a +2 dagger of venom
 J - the +8 short sword of the Vendetta (weapon) {pierce, rC+ rN+}
   (You found it on level 6 of the Dungeon)

   It inflicts extra damage upon your enemies.
   It protects you from cold.
   It protects you from negative energy.
 N - a +0 whip of venom
Missiles
 b - a throwing net
 s - 3 boomerangs (quivered)
 v - 267 stones
Armour
 a - a +2 hat (worn)
Jewellery
 u - a ring of resist corrosion (left tentacle)
 C - an amulet of regeneration (around mantle)
 D - a ring of positive energy (right tentacle)
 F - an uncursed amulet of faith
 O - a ring of protection from magic (on tentacle)
 T - a ring of magical power (on tentacle)
Wands
 e - a wand of digging (2)
 E - a wand of paralysis (5)
 L - a wand of random effects (31)
 M - a wand of flame (29)
 P - a wand of acid (10)
 S - a wand of disintegration (10)
 U - a wand of enslavement (5)
Scrolls
 k - 6 scrolls of magic mapping
 l - 8 scrolls of fog
 n - 2 scrolls of teleportation
 o - 4 scrolls of fear
 t - 5 scrolls of remove curse {@r2}
 w - a scroll of immolation {unknown}
 x - 2 scrolls of amnesia
 y - a scroll of blinking {unknown}
 A - a scroll of noise {unknown}
 H - a scroll of holy word {unknown}
 K - a scroll of acquirement {unknown}
 Q - a scroll of silence {unknown}
Potions
 d - a potion of might
 f - 3 potions of haste
 g - a potion of ambrosia
 h - 3 potions of agility
 i - 3 potions of flight
 j - 2 potions of brilliance
 p - a potion of magic
 q - 6 potions of curing {@q1}
 z - 2 potions of cancellation
 B - 2 potions of lignification
 G - a potion of mutation
 I - 2 potions of degeneration {unknown}
Comestibles
 c - 19 rations


   Skills:
 - Level 10.1 Fighting
 - Level 4.1 Short Blades
 - Level 2.0 Dodging
 - Level 5.1 Stealth
 - Level 5.4 Spellcasting
 - Level 9.0 Conjurations
 + Level 2.1 Summonings
 - Level 2.0 Translocations
 - Level 2.0 Fire Magic
 + Level 4.0 Air Magic
 - Level 5.2 Poison Magic
 - Level 5.0 Invocations


You had 5 spell levels left.
You knew the following spells:

 Your Spells              Type           Power        Failure   Level  Hunger
a - Magic Dart            Conj           ####         1%          1    None
b - Blink                 Tloc           N/A          5%          2    None
c - Call Imp              Summ           ###.....     5%          2    None
d - Conjure Flame         Conj/Fire      ####....     2%          3    #......
e - Mephitic Cloud        Conj/Pois/Air  #####...     1%          3    #......
f - Summon Lightning Spi  Summ/Air       ###.....     24%         4    ###....

Your spell library contained the following spells:

 Spells                   Type           Power        Failure   Level  Hunger
 Apportation              Tloc           ###...       3%          1    None
 Summon Small Mammal      Summ           ###.         3%          1    None
 Animate Skeleton         Necr           N/A          9%          1    None
 Confusing Touch          Hex            #.....       9%          1    None
 Corona                   Hex            #......      9%          1    None
 Call Canine Familiar     Summ           ###.....     11%         3    #......
 Slow                     Hex            #.......     13%         2    None
 Summon Guardian Golem    Hex/Summ       ##......     16%         3    #......
 Inner Flame              Hex/Fire       ##......     17%         3    #......
 Portal Projectile        Hex/Tloc       ##....       17%         3    #......
 Summon Ice Beast         Ice/Summ       ##......     47%         4    ###....
 Cause Fear               Hex            #.........   63%         4    ###....
 Leda's Liquefaction      Hex/Erth       #.........   63%         4    ###....


Dungeon Overview and Level Annotations

Branches:
Dungeon (10/15)            Temple (1/1) D:7            Lair (3/6) D:10
 Spider (0/4) Lair:2        Sewer (visited)         Ossuary (visited)
  Swamp: Lair:2-4    Shoals: Lair:2-4       Orc: D:9-12

Altars:
Ashenzari
Cheibriados
Dithmenos
Elyvilon
Fedhas
Gozag
Hepliaklqana
Kikubaaqudgha
Makhleb
Nemelex Xobeh
Okawaru
Qazlal
Ru
Sif Muna
Trog
Uskayaw
Vehumet
Wu Jian
Xom
Yredelemnul
Zin
The Shining One

Shops:
D:4 *

Annotations:
D:3 Pikel
D:4 Blork the orc
Lair:1 exclusion: hydra
Lair:2 exclusion: 2 oklob plants


Innate Abilities, Weirdness & Mutations

You cannot wear most types of armour.
You are very stealthy in the water. (Stealth+)
You are amphibious.
You can wear up to eight rings at the same time.
You can use your tentacles to constrict eight enemies at once.
Your skin changes colour to match your surroundings (Stealth+).
Your rubbery body absorbs attacks. (AC +1, EV +1)


Message History

You hit the porcupine.
The porcupine is moderately wounded.
A wolf comes into view.
The porcupine bites you.
A wolf comes into view.
A wolf comes into view. x2; A black mamba comes into view.
You see here a scroll labeled HERISU NENIEQU.
The wolf bites you!
A hippogriff comes into view.
A six-headed hydra comes into view.
A spiny frog comes into view.
A porcupine comes into view.
The wolf bites you.
The six-headed hydra bites you! x3; The six-headed hydra misses you.
The six-headed hydra bites you!
* * * LOW HITPOINT WARNING * * *
The six-headed hydra bites you!
* * * LOW HITPOINT WARNING * * *
There is a stone staircase leading up, spattered with blood here.
The six-headed hydra barely misses you. The six-headed hydra bites you!
You die...

##.>.## .......##
..8....####
..#....#.###..
#.##.......... ..
##.####?..##...
...###...###...###.#
.......hDh.S..).....
....8..@hh8rh...8...
........F.Hh.....+..
...###.....#....## .
. ##.###r...## ###
#...## ...## ...##
...## >.##


You could see a six-headed hydra, a hippogriff, a black mamba, a spiny frog, 6
wolves and 2 porcupines.

Vanquished Creatures
  2 hydras (Lair:2)
  A catoblepas (Lair:2)
  Joseph (D:8)
  2 spiny frogs (Lair:2)
  A komodo dragon (Lair:2)
  A hornet (Lair:2)
  A troll (D:10)
  3 blink frogs (Lair:1)
  A spriggan (D:8)
  A wyvern (D:10)
  2 chaos spawn (D:10)
  Menkaure (D:7)
  A water moccasin (D:9)
  An orc warrior (D:9)
  2 porcupines
  Duvessa (D:4)
  A swamp drake (Lair:1)
  3 phantoms
  2 ice beasts
  4 slaves
  An ogre (D:10)
  A crocodile (Lair:1)
  5 centaurs
  2 big kobolds
  10 bullfrogs
  A wyvern skeleton (D:10)
  Dowan (D:4)
  5 scorpions
  4 wights (D:8)
  An electric eel (D:10)
  A howler monkey (D:4)
  2 crimson imps
  A centaur zombie (D:6)
  2 centaur skeletons
  9 hounds
  3 jellies
  3 orc priests
  4 bullfrog skeletons
  A human zombie (Ossuary)
  9 orc wizards
  Ijyb (D:4)
  2 iguanas (D:6)
  8 worker ants
  A hound skeleton (D:7)
  3 mummies (Ossuary)
  3 worker ant zombies
  22 adders
  7 river rats
  2 shadow imps
  An ooze (D:3)
  3 adder skeletons
  6 worms
  A dart slug (D:2)
  4 leopard geckos
  23 orcs
  12 ball pythons
  7 bats
  6 giant cockroaches
  7 goblins
  2 hobgoblins
  10 jackals
  16 kobolds
  5 quokkas
  A ball python zombie (D:5)
  8 frilled lizards
  2 gnoll zombies (D:2)
  4 goblin zombies (Ossuary)
  5 hobgoblin zombies (Ossuary)
  3 kobold zombies (Ossuary)
  2 leopard gecko skeletons (D:4)
  29 rats
304 creatures vanquished.

Vanquished Creatures (collateral kills)
  Grinder (D:5)
  A wolf (D:10)
  A bullfrog (Sewer)
  An iguana (D:4)
4 creatures vanquished.

Vanquished Creatures (others)
  2 fungi
2 creatures vanquished.

Grand Total: 310 creatures vanquished

Notes
Turn   | Place    | Note
-------+----------+-------------------------------------------
     0 | D:1      | Devam the Octopode Wizard began the quest for the Orb.
     0 | D:1      | Reached XP level 1. HP: 11/11 MP: 4/4
   303 | D:1      | Reached XP level 2. HP: 14/17 MP: 1/6
   816 | D:1      | Learned a level 2 spell: Blink
   819 | D:1      | Learned a level 2 spell: Call Imp
   825 | D:2      | Found a shadowy altar of Dithmenos.
   828 | D:2      | Found an iron altar of Okawaru.
   846 | D:2      | Reached XP level 3. HP: 11/21 MP: 1/7
   847 | D:2      | Found a hide-covered altar of Uskayaw.
  1272 | D:2      | Found a basalt altar of Yredelemnul.
  1524 | D:2      | Found a white marble altar of Elyvilon.
  1645 | D:2      | Reached XP level 4. HP: 27/27 MP: 3/8
  2418 | D:3      | Found a hazy altar of Hepliaklqana.
  2424 | D:3      | Found a sparkling altar of Nemelex Xobeh.
  2741 | D:3      | Learned a level 3 spell: Conjure Flame
  2753 | D:4      | Reached XP level 5. HP: 12/31 MP: 4/9
  2978 | D:4      | Found a sacrificial altar of Ru.
  2981 | D:4      | Noticed Blork the orc
  2990 | D:4      | Noticed Dowan
  2991 | D:4      | Noticed Duvessa
  3005 | D:4      | Reached skill level 1 in Fire Magic
  3015 | D:4      | Noticed a slave
  3015 | D:4      | Noticed a slave
  3016 | D:4      | Noticed Pikel
  3252 | D:4      | HP: 1/31 [river rat (8)]
  3253 | D:4      | Reached XP level 6. HP: 2/36 MP: 10/10
  3326 | D:4      | Noticed Ijyb
  3330 | D:4      | Found a glowing drain.
  3344 | D:4      | HP: 1/36 [Ijyb/+0 club (3)]
  3347 | Sewer    | Entered a sewer
  4187 | Sewer    | Reached skill level 1 in Fighting
  4632 | Sewer    | Reached skill level 2 in Fighting
  4687 | Sewer    | Learned a level 3 spell: Mephitic Cloud
  4710 | Sewer    | Reached skill level 1 in Poison Magic
  4710 | Sewer    | Reached XP level 7. HP: 20/45 MP: 4/11
  4939 | D:4      | Killed Ijyb
  4939 | D:4      | Reached skill level 1 in Air Magic
  4945 | D:4      | Killed Dowan
  4977 | D:4      | Killed Duvessa
  5169 | D:4      | Found Toqossim's General Store.
  5326 | D:4      | Found a glowing golden altar of the Shining One.
  6349 | D:4      | Reached XP level 8. HP: 41/50 MP: 2/13
  6549 | D:5      | Entered Level 5 of the Dungeon
  6682 | D:5      | Found a sand-covered staircase.
  6686 | Ossuary  | Entered an ossuary
  6686 | Ossuary  | Noticed a wraith
  6686 | Ossuary  | Noticed a wraith
  6686 | Ossuary  | Noticed a wraith
  7392 | Ossuary  | Noticed a wraith
  7796 | D:5      | Reached skill level 5 in Conjurations
  7808 | D:5      | Noticed Grinder
  8042 | D:5      | Paralysed by Grinder for 6 turns
  8045 | D:5      | Killed Grinder
  8374 | D:5      | Reached skill level 1 in Short Blades
  8687 | D:6      | Reached skill level 5 in Stealth
  8834 | D:6      | Reached skill level 3 in Fighting
  9032 | D:6      | Reached XP level 9. HP: 27/58 MP: 1/15
  9169 | D:6      | Reached skill level 4 in Fighting
  9197 | D:6      | Got a steaming short sword
  9198 | D:6      | Identified the +8 short sword of the Vendetta {pierce, rC+
                  | rN+} (You found it on level 6 of the Dungeon)
  9399 | D:6      | Reached skill level 5 in Fighting
  9541 | D:7      | Found a radiant altar of Vehumet.
  9879 | D:7      | Found a staircase to the Ecumenical Temple.
  9894 | D:7      | Noticed Menkaure
  9915 | D:7      | Killed Menkaure
  9915 | D:7      | Reached skill level 5 in Poison Magic
  9969 | Temple   | Entered the Ecumenical Temple
 10694 | D:8      | Found a shimmering blue altar of Sif Muna.
 10700 | D:8      | Became a worshipper of Sif Muna the Loreminder
 11188 | D:8      | Noticed Joseph
 11201 | D:8      | Killed Joseph
 11201 | D:8      | Reached skill level 5 in Spellcasting
 11201 | D:8      | Reached XP level 10. HP: 37/66 MP: 12/18
 11270 | D:8      | Found a shimmering blue altar of Sif Muna.
 11897 | D:9      | Found an opulent altar of Gozag.
 12014 | D:9      | Reached * piety under Sif Muna
 12339 | D:9      | Reached skill level 1 in Invocations
 12643 | D:10     | Entered Level 10 of the Dungeon
 12703 | D:10     | Found a staircase to the Lair.
 12999 | D:10     | Found a shimmering altar of Xom.
 13001 | D:10     | Found the +7 mace of Variability {chain chaos}
 13197 | D:10     | Noticed a brown ugly thing
 13485 | D:10     | Reached skill level 5 in Invocations
 13593 | D:10     | Noticed a gargoyle
 13716 | Lair:1   | Entered Level 1 of the Lair of Beasts
 13794 | Lair:1   | Noticed a five-headed hydra
 13952 | Lair:1   | Reached skill level 6 in Fighting
 14047 | Lair:1   | Learned a level 4 spell: Summon Lightning Spire
 14161 | Lair:1   | Reached skill level 7 in Fighting
 14175 | Lair:1   | Reached ** piety under Sif Muna
 14175 | Lair:1   | Reached XP level 11. HP: 16/75 MP: 8/19
 14935 | Lair:2   | Reached skill level 8 in Fighting
 15007 | Lair:2   | Noticed a seven-headed hydra
 15139 | Lair:2   | Found a hole to the Spider Nest.
 15193 | Lair:2   | Noticed an oklob plant
 15193 | Lair:2   | Noticed an oklob plant
 15200 | Lair:2   | Noticed a four-headed hydra
 15232 | Lair:2   | Noticed a catoblepas
 15402 | Lair:2   | Killed a catoblepas
 15402 | Lair:2   | Reached skill level 9 in Fighting
 16072 | Lair:2   | Killed a four-headed hydra
 16149 | Lair:2   | Killed a seven-headed hydra
 16149 | Lair:2   | Reached skill level 10 in Fighting
 16287 | Lair:3   | Noticed a six-headed hydra
 16291 | Lair:3   | Slain by a six-headed hydra

Levels and vault maps discovered:
D:1:      dpeg_arrival_circle_labyrinth_c, layout_basic
D:2:      layout_loops_ring, grunt_temple_overflow_open,
          lemuel_zombie_altar_yredelemnul, elyvilon_altar_5,
          lexackson_kobold_supper
D:3:      layout_loops_ring, minitemple
D:4:      minmay_general_purpose_star, layout_basic, lemuel_crystal_altar,
          overflow_temple_1_default, gup_sewer_entry_spiral,
          kennysheep_windowed_goal, uniq_pikel, uniq_duvessa, uniq_ijyb,
          uniq_blork_the_orc
D:5:      layout_loops_corners, first_ration, enter_ossuary_5, uniq_grinder
D:6:      layout_rooms
D:7:      layout_loops_cross, vehumet_altar_wand_db, temple_statues,
          uniq_menkaure
D:8:      layout_loops_ring, lemuel_round_altar, basic_altar, the_bakery,
          grunt_ministairs_7, minmay_manual_mares, uniq_joseph
D:9:      layout_basic, grunt_gozag_breadcrumbs
D:10:     layout_grid_maze, erik_lair_island, skrybe_limestone_x,
          minmay_guarded_unrand_variability
Temple:   chequers_temple_sunken
Lair:1:   layout_cave_pods, pond, lemuel_fruit_tree
Lair:2:   layout_misc_corridors, spider_nest_entry_web_field,
          lemuel_fruit_fields, infiniplex_staircase_pool_2,
          minmay_lair_oklob_chamber
Lair:3:   layout_loops_ring, patterned_corridor, lemuel_fruit_fields,
          infiniplex_staircase_pool, grunt_megastairs_5

Skill      XL: |  1  2  3  4  5  6  7  8  9 10 11 |
---------------+----------------------------------+-----
Conjurations   | 2 3 4 6 7 9 |  9.0
Fire Magic     | 1 2 |  2.0
Summonings     | 2 |  2.1
Translocations | 2 |  2.0
Stealth        | 4 5 |  5.1
Fighting       | 2 3 5 7 10 | 10.1
Poison Magic   | 1 4 5 |  5.2
Air Magic      | 3 4 |  4.0
Spellcasting   | 4 5 |  5.4
Short Blades   | 2 4 |  4.1
Invocations    | 5 |  5.0
Dodging        | |  2.0

Action                   |  1- 3 |  4- 6 |  7- 9 | 10-12 || total
-------------------------+-------+-------+-------+-------++-------
Melee: Dagger            |    30 |    82 |   184 |       ||   296
       Constrict         |     9 |    17 |    46 |    31 ||   103
       Tentacles         |     7 |     5 |    53 |    27 ||    92
       Unarmed           |     1 |       |       |       ||     1
       Short sword       |       |       |   100 |   185 ||   285
Throw: Boomerang         |       |       |    44 |       ||    44
 Cast: Magic Dart        |    52 |   165 |   286 |   164 ||   667
       Call Imp          |       |     9 |    14 |     3 ||    26
       Blink             |       |     3 |     9 |    12 ||    24
       Conjure Flame     |       |       |    14 |     6 ||    20
       Mephitic Cloud    |       |       |    17 |    20 ||    37
       Summon Lightning  |       |       |       |     4 ||     4
  Use: Scroll            |       |     7 |    12 |     7 ||    26
       Potion            |       |     2 |     5 |     4 ||    11
 Stab: Sleeping          |     1 |     4 |    10 |     4 ||    19
       Confused          |       |       |     7 |     5 ||    12
       Distracted        |       |       |     1 |       ||     1
  Eat: Chunk             |     2 |    10 |    16 |     7 ||    35
       Ration            |       |       |     2 |     3 ||     5
Armor: Skin              |     2 |     3 |    14 |     6 ||    25
Dodge: Dodged            |    15 |    69 |   152 |    83 ||   319
